 Dungeon Crawl Stone Soup version 0.21-a0-110-g8e1637b (webtiles) character file.

3682 Lavandula the Fighter (level 9, -9/74 HPs)
             Began as a Mummy Arcane Marksman on July 8, 2017.
             Was an Initiate of Gozag.
             Killed by divine providence
             ... invoked by an orc priest
              (12 damage)
             ... on level 8 of the Dungeon.
             The game lasted 00:37:18 (6091 turns).

Lavandula the Fighter (Mummy Arcane Marksman)       Turns: 6091, Time: 00:37:18

Health: -9/74      AC:  8    Str: 13    XL:     9   Next: 90%
Magic:  9/11       EV: 14    Int: 14    God:    Gozag
Gold:   343        SH:  0    Dex: 14    Spells: 4/10 levels left

rFire    x . .     SeeInvis .   w - +2 hand crossbow (flame)
rCold    + + .     Gourm    .   (no shield)
rNeg     + + +     Faith    .   l - +1 animal skin
rPois    ∞         Spirit   .   i - +2 helmet
rElec    .         Reflect  .   (no cloak)
rCorr    .         Harm     .   n - +0 pair of gloves
MR       +....                  p - +0 pair of boots
Stlth    ++........             (no amulet)
HPRegen  0.22/turn              C - ring of stealth
MPRegen  0.12/turn              f - ring of protection from cold

@: no status effects
A: no food or potions, fire vulnerability, cold resistance 1, negative energy
resistance 3, torment resistance, unbreathing
a: Potion Petition, Call Merchant, Bribe Branch, Renounce Religion


You were on level 8 of the Dungeon.
You worshipped Gozag.
Gozag was aware of your devotion.
You were not hungry.

You visited 2 branches of the dungeon, and saw 9 of its levels.
You also visited: Ossuary.

You collected 493 gold pieces.
You paid 150 gold pieces to Gozag.

Inventory:

Hand Weapons
 a - a +1 hand crossbow
 g - a +0 short sword
 j - a +0 whip of electrocution
 k - a +0 hunting sling
 m - a +0 spear
 u - a +1 flail of protection
 w - a +2 hand crossbow of flaming (weapon)
 y - the +7 dagger of Duty {pierce, Fragile +Fly rN+++ SInv}
   (You found it on level 7 of the Dungeon)

   It inflicts extra damage upon your enemies.
   It renders you almost immune to negative energy.
   It lets you see invisible.
   It lets you fly.
   It will be destroyed if unequipped.
Missiles
 d - 11 bolts (quivered)
 o - 55 sling bullets
Armour
 e - a +0 robe
 i - a +2 helmet (worn)
 l - a +1 animal skin (worn)
 n - a +0 pair of gloves (worn)
 p - a +0 pair of boots (worn)
 r - a cursed -1 chain mail
Jewellery
 f - a ring of protection from cold (right hand)
 C - a ring of stealth (left hand)
 F - an uncursed ring of protection from fire {unknown}
Wands
 q - a wand of acid (4/15)
 x - a wand of lightning (3/15)
Scrolls
 b - 3 scrolls of fog
 h - 2 scrolls of amnesia
 s - 2 scrolls of magic mapping
 t - 5 scrolls of teleportation
 A - a scroll of recharging
 B - a scroll of fear {unknown}
 D - a scroll of acquirement {unknown}
 E - a scroll of blinking {unknown}
 G - a scroll of identify
 H - a scroll of silence {unknown}
Books
 c - a book of Debilitation

   Spells                             Type                      Level
   a - Corona                         Hexes                        1
   b - Slow                           Hexes                        2
   c - Inner Flame                    Hexes/Fire                   3
   d - Portal Projectile              Hexes/Translocation          3
   e - Cause Fear                     Hexes                        4
   f - Leda's Liquefaction            Hexes/Earth                  4
 v - a book of Changes

   Spells                             Type                      Level
   a - Beastly Appendage              Transmutation                1
   b - Sticks to Snakes               Transmutation                2
   c - Spider Form                    Transmutation/Poison         3
   d - Ice Form                       Ice/Transmutation            4
   e - Blade Hands                    Transmutation                5
 z - a book of Flames

   Spells                             Type                      Level
   a - Flame Tongue                   Conjuration/Fire             1
   b - Throw Flame                    Conjuration/Fire             2
   c - Conjure Flame                  Conjuration/Fire             3
   d - Inner Flame                    Hexes/Fire                   3
   e - Sticky Flame                   Conjuration/Fire             4
   f - Fireball                       Conjuration/Fire             5


   Skills:
 - Level 8.0 Fighting
 - Level 0.5 Short Blades
 - Level 5.5 Maces & Flails
 - Level 5.8 Crossbows
 - Level 4.1 Dodging
 - Level 1.3 Spellcasting
 + Level 0.8 Conjurations
 - Level 2.6 Hexes
 - Level 3.5 Evocations


You had 4 spell levels left.
You knew the following spells:

 Your Spells              Type           Power        Failure   Level  Hunger
a - Corona                Hex            #......      9%          1    N/A
b - Slow                  Hex            #.......     13%         2    N/A
c - Conjure Flame         Conj/Fire      #.......     54%         3    N/A

Dungeon Overview and Level Annotations

Branches:
Dungeon (8/15)             Temple (1/1) D:7
   Lair: D:8-11

Altars:
Ashenzari
Cheibriados
Dithmenos
Fedhas
Gozag
Hepliaklqana
Makhleb
Nemelex Xobeh
Okawaru
Qazlal
Ru
Sif Muna
Trog
Uskayaw
Vehumet
Wu Jian
Xom
Yredelemnul
Zin
The Shining One

Annotations:
D:2 Jessica
D:7 Joseph
D:8 Prince Ribbit


Innate Abilities, Weirdness & Mutations

You do not eat or drink.
Your flesh is vulnerable to fire.
You are immune to poison.
Your flesh is cold resistant. (rC+)
You are immune to negative energy. (rN+++)
You are immune to unholy pain and torment.
You can survive without breathing.


Message History

You shoot a bolt.
The bolt hits the orc warrior but does no damage.
The orc warrior is almost dead.
The orc warrior misses you.
Firing (i - inventory):
d - 12 bolts (quivered)
Press: ? - help, Shift-Dir - straight line, f/p - orc warrior
Aim: an orc warrior, wielding a long sword and wearing a chain mail (almost dead)
You shoot a bolt.
The bolt closely misses the orc warrior.
The orc warrior hits you with a long sword!!
* * * LOW HITPOINT WARNING * * *
You hear a shout!
Firing (i - inventory):
d - 11 bolts (quivered)
Press: ? - help, Shift-Dir - straight line, f/p - orc warrior
Aim: an orc warrior, wielding a long sword and wearing a chain mail (almost dead)
Okay, then.
The orc priest calls down the wrath of Beogh upon you.
Beogh smites you!
You die...
Your body crumbles into a pile of gold.

# .#.... #. ....# #.# .. #.##.#.#
#.# .# #. ...... #.# .# #.
##...## #.# .###. ##.....## ###.#
...### ##...(...## ##.#.# #.##.##
#......(.o####....########.#...##
+....(..(.((...o@................
#.........####...#########.....##
##.......## ##..# ####.##
##.....## ##.### #.# ##...##
#...# #.# ##'## ###.# #####.###
#.# #.# #.......# #.# #.#
#.###.#.# ##.#### #.# #.# #....


You could see an orc warrior and an orc priest.

Vanquished Creatures
  A two-headed ogre (D:8)
  Pikel (D:4)
  A hungry ghost (D:7)
  Menkaure (Ossuary)
  The ghost of Musica the Magician, an amateur DEIE of Sif Muna (D:4)
  2 orc warriors
  An ice beast (D:7)
  A black bear (D:7)
  3 phantoms
  2 sky beasts
  A necrophage (D:7)
  2 centaurs
  A big kobold (D:8)
  2 bullfrogs
  2 scorpions
  2 howler monkeys (D:8)
  A crimson imp (D:6)
  5 orc wizards
  7 hounds
  4 orc priests
  3 iguanas
  4 worker ants
  A hound zombie (D:8)
  2 mummies (Ossuary)
  A howler monkey zombie (D:5)
  Robin (D:2)
  4 adders
  A howler monkey skeleton (D:7)
  2 shadow imps (D:5)
  An ooze (D:5)
  An adder zombie (D:8)
  2 adder skeletons
  3 worms
  2 dart slugs
  A leopard gecko (D:1)
  22 orcs
  2 giant cockroaches
  2 gnoll zombies (Ossuary)
  12 goblins
  4 hobgoblins
  6 jackals
  A quokka (D:7)
  9 bats
  6 frilled lizards
  2 gnoll skeletons (Ossuary)
  2 goblin skeletons (Ossuary)
  4 goblin zombies (Ossuary)
  4 hobgoblin zombies (Ossuary)
  16 kobolds
  A kobold skeleton (Ossuary)
  3 kobold zombies (Ossuary)
  2 orc skeletons (Ossuary)
  An orc zombie (Ossuary)
  2 rats
  A rat skeleton (Ossuary)
  2 rat zombies (Ossuary)
174 creatures vanquished.

Vanquished Creatures (others)
  A mummy (Ossuary)
  2 gnoll skeletons (Ossuary)
  2 gnoll zombies (Ossuary)
  3 goblin skeletons (Ossuary)
  A goblin zombie (Ossuary)
  2 hobgoblin skeletons (Ossuary)
  3 hobgoblin zombies (Ossuary)
  A kobold skeleton (Ossuary)
  2 kobold zombies (Ossuary)
  5 orc skeletons (Ossuary)
  4 rat skeletons (Ossuary)
  A rat zombie (Ossuary)
27 creatures vanquished.

Grand Total: 201 creatures vanquished

Notes
Turn   | Place    | Note
-------+----------+-------------------------------------------
     0 | D:1      | Lavandula the Mummy Arcane Marksman began the quest for the Orb.
     0 | D:1      | Reached XP level 1. HP: 15/15 MP: 2/2
   236 | D:2      | Reached XP level 2. HP: 15/21 MP: 2/4
   273 | D:2      | Found a blossoming altar of Fedhas.
   275 | D:2      | Found a burning altar of Makhleb.
   275 | D:2      | Found a glowing silver altar of Zin.
   309 | D:2      | Found a glowing golden altar of the Shining One.
   310 | D:2      | Noticed Jessica
   476 | D:2      | Noticed Robin
   526 | D:2      | Reached XP level 3. HP: 21/26 MP: 5/5
   528 | D:2      | Killed Robin
  1139 | D:2      | Reached XP level 4. HP: 32/32 MP: 6/6
  1167 | D:2      | Learned a level 2 spell: Slow
  1268 | D:3      | Reached skill level 2 in Fighting
  1322 | D:3      | Reached skill level 3 in Fighting
  1344 | D:3      | Reached XP level 5. HP: 30/41 MP: 7/7
  1625 | D:4      | Noticed Pikel
  1625 | D:4      | Noticed a slave
  1642 | D:4      | Killed Pikel
  1642 | D:4      | Reached skill level 5 in Crossbows
  1642 | D:4      | Reached XP level 6. HP: 32/47 MP: 5/8
  1642 | D:4      | Reached XP level 7. HP: 35/52 MP: 5/9
  1832 | D:4      | Reached skill level 1 in Maces & Flails
  1853 | D:4      | Found a sand-covered staircase.
  1855 | D:4      | Noticed Musica's ghost (amateur DEIE)
  1860 | Ossuary  | Entered an ossuary
  2146 | Ossuary  | Noticed Menkaure
  2147 | Ossuary  | Killed Menkaure
  2215 | D:4      | Killed Musica's ghost
  2364 | D:4      | Found an ornate altar of the Wu Jian Council.
  2376 | D:5      | Entered Level 5 of the Dungeon
  2559 | D:5      | Reached XP level 8. HP: 45/58 MP: 10/10
  2704 | D:5      | You fall through a shaft!
  3817 | D:7      | Noticed a hippogriff
  3875 | D:7      | Reached skill level 5 in Maces & Flails
  4009 | D:7      | Reached skill level 4 in Fighting
  4261 | D:7      | Found a shadowy altar of Dithmenos.
  4276 | D:7      | Noticed Joseph
  4405 | D:7      | Got a polished dagger
  4406 | D:7      | Identified the +7 dagger of Duty {pierce, Fragile +Fly rN+++ SInv} (You found it on level 7 of the Dungeon)
  4473 | D:7      | Reached XP level 9. HP: 24/67 MP: 11/11
  4534 | D:7      | Reached skill level 5 in Fighting
  4830 | D:7      | Noticed a two-headed ogre
  5003 | D:8      | Reached skill level 6 in Fighting
  5103 | D:8      | Noticed a two-headed ogre
  5111 | D:8      | Killed a two-headed ogre
  5111 | D:8      | Reached skill level 8 in Fighting
  5181 | D:8      | Reached skill level 1 in Evocations
  5316 | D:7      | Found a staircase to the Ecumenical Temple.
  5321 | Temple   | Entered the Ecumenical Temple
  5467 | Temple   | Became a worshipper of Gozag Ym Sagoz the Greedy
  5907 | D:8      | Learned a level 3 spell: Conjure Flame
  6039 | D:8      | Noticed Prince Ribbit
  6087 | D:8      | HP: 2/74 [orc warrior/long sword (24)]
  6091 | D:8      | Killed from afar by an orc priest

Vault maps used:
D:1:      minmay_arrival_arboretum_small
D:2:      gammafunk_temple_overflow_forgotten, tso_metal_star, uniq_terence,
          uniq_robin, uniq_jessica
D:3:      minmay_cupped
D:4:      overflow_temple_1_default, enter_ossuary_1, uniq_pikel
D:5:      first_bread
D:7:      minmay_temple_entry_from_below_a, basic_altar, uniq_menkaure,
          uniq_joseph
D:8:      lair_entry_dummy, minmay_orc_keep, uniq_prince_ribbit1
Temple:   eino_temple_scatter_basement
Ossuary:  ossuary_due_pyramid

Skill      XL: |  1  2  3  4  5  6  7  8  9 |
---------------+----------------------------+-----
Crossbows      | 2 3 5 |  5.8
Fighting       | 3 4 8 |  8.0
Maces & Flails | 3 5 |  5.5
Dodging        | 2 4 |  4.1
Evocations     | 3 |  3.5
Short Blades   | |  0.5
Spellcasting   | |  1.3
Conjurations   | |  0.8
Hexes          | |  2.6

Action                   |  1- 3 |  4- 6 |  7- 9 || total
-------------------------+-------+-------+-------++-------
Melee: Short sword       |     5 |     1 |       ||     6
       Dagger            |    35 |       |       ||    35
       Falchion          |       |     1 |       ||     1
       Whip              |       |       |   315 ||   315
       Flail             |       |       |     2 ||     2
 Fire: Hand crossbow     |    75 |    44 |   198 ||   317
 Cast: Corona            |    29 |    10 |    43 ||    82
       Slow              |       |       |    17 ||    17
Evoke: Wand              |       |     2 |     3 ||     5
  Use: Scroll            |     7 |     2 |     9 ||    18
 Stab: Sleeping          |     1 |       |     1 ||     2
Armor: Robe              |     9 |       |       ||     9
       Animal skin       |    23 |    12 |   119 ||   154
Dodge: Dodged            |    86 |    13 |   235 ||   334
